 Dungeon Crawl Stone Soup version 0.18.1-8-gdd0e5ea (webtiles) character file.

1401 manyhoops the Covert (level 8, -5/37 HPs)
             Began as a Spriggan Assassin on June 3, 2016.
             Slain by an orc priest
             ... wielding a +0 flail
              (12 damage)
             ... on level 5 of the Dungeon.
             The game lasted 00:19:32 (4351 turns).

manyhoops the Covert (Spriggan Assassin)            Turns: 4351, Time: 00:19:33

Health: -5/37      AC:  5    Str:  7    XL:     8   Next: 41%
Magic:  9/9        EV: 28    Int: 12    God:
Gold:   221        SH:  0    Dex: 20    Spells: 0 memorised, 7 levels left

rFire  . . .     SeeInvis +     k - +2 short sword (speed)
rCold  + . .     Gourm    .     c - +0 robe
rNeg   . . .     Faith    .     (shield restricted)
rPois  .         Spirit   .     (helmet restricted)
rElec  .         Dismiss  .     d - +2 cloak
rCorr  .         Reflect  .     (gloves unavailable)
SustAt .         Harm     .     (boots unavailable)
MR     +....                    (no amulet)
Stlth  ++++++....               G - ring of protection from cold
                                a - +3 ring of evasion

@: very quick, somewhat resistant to hostile enchantments, very stealthy
A: unfitting armour, see invisible, herbivore 3, speed 3, slow metabolism 2
a: no special abilities


You were on level 5 of the Dungeon.
You were very hungry.

You visited 1 branch of the dungeon, and saw 5 of its levels.
You also visited: Sewer.

You collected 221 gold pieces.

Inventory:

Hand Weapons
 b - a +0 blowgun
 k - a +2 short sword of speed (weapon)
 H - a +0 hunting sling of freezing
Missiles
 e - 7 poisoned needles
 f - 2 curare-tipped needles
Armour
 c - a +0 robe (worn)
 d - a +2 cloak (worn)
Jewellery
 a - a +3 ring of evasion (left hand)
 l - an uncursed ring of sustain attributes
 s - an uncursed ring of resist corrosion
 u - an uncursed ring of protection from fire
 G - a ring of protection from cold (right hand)
Wands
 t - a wand of slowing (28/48)
Scrolls
 h - 2 scrolls of teleportation
 j - 3 scrolls of remove curse
 n - a scroll of noise {unknown}
 o - a scroll of immolation
 q - a scroll of enchant weapon {unknown}
 r - a scroll of enchant armour
 w - a scroll of amnesia
 x - a scroll of random uselessness {unknown}
 y - a scroll of fog {unknown}
 F - a scroll of blinking {unknown}
Potions
 i - a potion of haste
 m - 2 potions of curing
 p - a potion of berserk rage
 A - a potion of resistance {unknown}
 B - 2 potions of heal wounds {unknown}
 C - a potion of flight {unknown}
 D - a potion of agility {unknown}
 E - a potion of invisibility {unknown}
Comestibles
 g - 4 bread rations
 v - 2 fruits
 z - a slice of pizza


   Skills:
 - Level 1.6 Fighting
 * Level 6.5 Short Blades
 + Level 3.0 Throwing
 + Level 7.8 Dodging
 + Level 11.3 Stealth


You had 7 spell levels left.
You didn't know any spells.

Dungeon Overview and Level Annotations

Branches:
Dungeon (5/15)
 Temple: D:4-7

Altars:
Cheibriados
Dithmenos
Sif Muna
Vehumet
The Shining One

Annotations:
D:5 Sigmund


Innate Abilities, Weirdness & Mutations

You are tiny and cannot use many weapons and most armour.
You have supernaturally acute eyesight.
You are a herbivore.
You cover ground extremely quickly.
You need consume almost no food.


Message History

The orc priest completely misses you.
You hit the orc priest but do no damage.
The orc priest is almost dead.
You hit the orc priest.
The orc priest is almost dead.
The orc priest hits you with a flail!
* * * LOW HITPOINT WARNING * * *
You barely miss the orc priest.
The orc priest is almost dead.
You barely miss the orc priest.
The orc priest is almost dead.
The orc priest completely misses you.
You hit the orc priest.
The orc priest is almost dead.
You hit the orc priest but do no damage.
The orc priest is almost dead.
You completely miss the orc priest.
The orc priest is almost dead.
The orc priest hits you with a flail!
You die...

#...####.#######§§§§§§§
#...##.........########
#..###.#.#####.##....##
#..#_#.#g...##.##....##
##.#'#.#...[...##......
#.#.#.#....#####......
#%#...#.)..#........##
#.....'....[..........
#####@#....#....##....
#o#....#..........
#.#....#..........
#.##########......
#......... #......
#......... #......
#.........##..p...
#.........+.....(.
#..........##.#....


You could see an orc priest.

Vanquished Creatures
  Pikel (D:5)
  Eustachio (D:4)
  Menkaure (D:5)
  Purgy (Sewer)
  Blork the orc (D:5)
  A scorpion (D:5)
  A howler monkey (D:5)
  A crimson imp (D:5)
  A giant frog skeleton (D:5)
  2 hounds (D:4)
  2 worker ants
  4 orc wizards
  A howler monkey zombie (D:4)
  6 adders
  An ooze (D:2)
  An adder skeleton (D:4)
  4 worms
  3 giant geckos
  10 orcs
  2 ball pythons
  8 bats
  3 giant cockroaches
  5 goblins
  6 hobgoblins
  7 kobolds
  4 quokkas
  2 giant newts
  A quokka skeleton (D:4)
  12 rats
93 creatures vanquished.

Vanquished Creatures (others)
  4 slaves (D:5)
  A gnoll sergeant (D:5)
  An orc wizard (D:5)
  A gnoll (D:5)
  An orc (D:5)
8 creatures vanquished.

Grand Total: 101 creatures vanquished

Notes
Turn   | Place    | Note
--------------------------------------------------------------
     0 | D:1      | manyhoops the Spriggan Assassin began the quest for the Orb.
     0 | D:1      | Reached XP level 1. HP: 10/10 MP: 2/2
    45 | D:1      | Reached skill level 6 in Stealth
   323 | D:1      | Reached XP level 2. HP: 14/14 MP: 3/3
   751 | D:2      | Reached XP level 3. HP: 16/18 MP: 4/4
   767 | D:2      | Found a deep blue altar of Sif Muna.
   825 | D:2      | Found a faded altar to an unknown god.
   946 | D:2      | Reached skill level 7 in Stealth
  1322 | D:3      | Reached XP level 4. HP: 22/22 MP: 5/5
  1876 | D:3      | Found a shadowy altar of Dithmenos.
  1965 | D:3      | Reached skill level 8 in Stealth
  1999 | D:3      | Found a snail-covered altar of Cheibriados.
  2244 | D:4      | Reached XP level 5. HP: 21/25 MP: 6/6
  2280 | D:4      | Found a glowing golden altar of the Shining One.
  2702 | D:4      | Found a glowing drain.
  2706 | Sewer    | Entered a sewer
  2747 | Sewer    | Noticed Purgy
  2751 | Sewer    | Killed Purgy
  2751 | Sewer    | Reached skill level 5 in Dodging
  2751 | Sewer    | Reached skill level 9 in Stealth
  2751 | Sewer    | Reached XP level 6. HP: 24/30 MP: 7/7
  2944 | D:4      | Noticed Eustachio
  2974 | D:4      | Killed Eustachio
  3056 | D:4      | Found a deep blue altar of Sif Muna.
  3119 | D:5      | Entered Level 5 of the Dungeon
  3122 | D:5      | Noticed a slave
  3139 | D:5      | Noticed Blork the orc
  3149 | D:5      | Noticed a slave
  3152 | D:5      | Noticed Pikel
  3166 | D:5      | Noticed a slave
  3177 | D:5      | Noticed a slave
  3177 | D:5      | Killed Blork the orc
  3177 | D:5      | Reached XP level 7. HP: 15/33 MP: 8/8
  3377 | D:5      | Reached skill level 10 in Stealth
  3405 | D:5      | Noticed Menkaure
  3606 | D:5      | Killed Pikel
  3606 | D:5      | Reached skill level 5 in Short Blades
  3606 | D:5      | Reached XP level 8. HP: 37/37 MP: 9/9
  3715 | D:5      | Reached skill level 11 in Stealth
  3726 | D:5      | Found a radiant altar of Vehumet.
  3736 | D:5      | Noticed Sigmund
  4091 | D:5      | Killed Menkaure
  4351 | D:5      | Slain by an orc priest

Skill      XL: |  1  2  3  4  5  6  7  8 |
---------------+-------------------------+-----
Stealth        | 6 7 8 9 10 11 | 11.3
Dodging        | 2 3 5 6 7 |  7.8
Short Blades   | 3 5 6 |  6.5
Throwing       | 3 |  3.0
Fighting       | |  1.6

Action                   |  1- 3 |  4- 6 |  7- 9 || total
-------------------------+-------+-------+-------++-------
Melee: Dagger            |    13 |    83 |       ||    96
       Short sword       |    92 |   108 |   153 ||   353
 Fire: Blowgun           |     2 |    10 |     6 ||    18
Evoke: Wand              |       |       |     1 ||     1
  Use: Scroll            |     6 |     5 |     1 ||    12
       Potion            |       |       |     1 ||     1
 Stab: Sleeping          |    16 |    12 |     7 ||    35
       Distracted        |       |     1 |     2 ||     3
  Eat: Fruit             |       |       |     1 ||     1
Armor: Robe              |     6 |    15 |     8 ||    29
Dodge: Dodged            |    49 |   118 |    63 ||   230
